 Dungeon Crawl Stone Soup version 0.24.0-1-gfbc8707 (webtiles) character file.

Game seed: 18046732962923023632, levelgen mode: deterministic

1488 Minkie the Skirmisher (level 8, -4/69 HPs)
             Began as a Red Draconian Skald on Nov 11, 2019.
             Was a Believer of Okawaru.
             Slain by a yak (16 damage)
             ... on level 6 of the Dungeon.
             The game lasted 00:19:52 (4773 turns).

Minkie the Skirmisher (Red Draconian Skald)         Turns: 4773, Time: 00:19:53

Health: -4/69      AC: 11    Str: 13    XL:     8   Next: 51%
Magic:  7/14       EV: 13    Int: 16    God:    Okawaru [**....]
Gold:   249        SH:  0    Dex: 11    Spells: 9/15 levels left

rFire    + . .     SeeInvis +   h - +1 whip (elec)
rCold    . . .     Gourm    .   (no shield)
rNeg     . . .     Faith    .   (armour unavailable)
rPois    .         Spirit   .   (helmet restricted)
rElec    .         Reflect  .   (no cloak)
rCorr    .         Harm     .   f - +0 pair of gloves
MR       .....                  (no boots)
Stlth    +.........             (no amulet)
HPRegen  1.21/turn              e - +4 ring of protection
MPRegen  0.14/turn              u - ring of see invisible

@: regenerating (expiring)
A: breathe fire, unfitting armour, fire resistance 1, cold-blooded, AC +6
a: Breathe Fire, Heroism, Renounce Religion


You were on level 6 of the Dungeon.
You worshipped Okawaru.
Okawaru was pleased with you.
You were hungry.

You visited 1 branch of the dungeon, and saw 6 of its levels.
You also visited: Sewer.

You collected 249 gold pieces.

Inventory:

Hand Weapons
 h - a +1 whip of electrocution (weapon)
 q - a +0 whip of pain
Armour
 f - a +0 pair of gloves (worn)
Magical Staves
 n - an uncursed staff of air
Jewellery
 e - a +4 ring of protection (left hand)
 j - a +5 ring of intelligence
 u - a ring of see invisible (right hand)
Wands
 o - a wand of acid (12)
 p - a wand of enslavement (9)
Scrolls
 a - a scroll of enchant armour {unknown}
 b - 5 scrolls of identify {unknown}
 g - 2 scrolls of amnesia {unknown}
 m - a scroll of teleportation {unknown}
 r - a scroll of blinking {unknown}
 s - 2 scrolls of remove curse {unknown}
 t - a scroll of fear {unknown}
 w - a scroll of immolation {unknown}
Potions
 d - 2 potions of curing
 i - 2 potions of brilliance {unknown}
 k - a potion of invisibility {unknown}
 l - 3 potions of flight {unknown}
Comestibles
 c - 6 rations


   Skills:
 + Level 5.4 Fighting
 + Level 4.7 Maces & Flails
 - Level 3.0 Dodging
 + Level 4.4 Spellcasting
 + Level 4.3 Charms
 + Level 3.9 Necromancy
 + Level 3.7 Translocations


You had 9 spell levels left.
You knew the following spells:

 Your Spells              Type           Power        Failure   Level  Hunger
a - Infusion              Chrm           ###.         2%          1    None
b - Shroud of Golubria    Chrm/Tloc      ###...       4%          2    ##.....
c - Regeneration          Chrm/Necr      ###.......   9%          3    ###....

Your spell library contained the following spells:

 Spells                   Type           Power        Failure   Level  Hunger
 Song of Slaying          Chrm           ###.....     4%          2    ##.....
 Spectral Weapon          Hex/Chrm       ##......     21%         3    ###....


Dungeon Overview and Level Annotations

Branches:
Dungeon (6/15)              Sewer (visited)
 Temple: D:4-7

Altars:
Dithmenos
Elyvilon
Gozag
Hepliaklqana
Kikubaaqudgha
Makhleb
Okawaru
Sif Muna
Vehumet


Innate Abilities, Weirdness & Mutations

You can breathe blasts of fire.
Your fiery red scales are hard. (AC +6)
You cannot fit into any form of body armour.
Your flesh is heat resistant. (rF+)
You are cold-blooded and may be slowed by cold attacks.


Message History

You hit the yak.
The yak is severely wounded.
The leopard gecko zombie bites you.
* * * LOW HITPOINT WARNING * * *
The yak gores you!
* * * LOW HITPOINT WARNING * * *
You hit the yak.
You tail-slap the yak, but do no damage.
The yak is severely wounded.
Your skin is crawling a little less now.
The leopard gecko zombie misses you. The yak gores you but does no damage.
You hit the yak but do no damage. Lightning courses through the yak!
You kill the yak!
Okawaru is honoured by your kill.
The leopard gecko zombie barely misses you.
You hit the yak but do no damage. Lightning courses through the yak!
The yak is moderately wounded.
The leopard gecko zombie barely misses you.
The yak gores you!
You die...

## ..######### ....
.......... ...#
#.##....# ##....#
#.##....#
......#.#.......+
#.....#.#.##...Z###.#
#.............#.@Y..#
...#..#.#.#####.#####
##.#..#.#.## ....
...#..#.#..##.#...
####..#.#..#.......
......#.#..##.#.....
....).#..............
######......#.........
.....'......# ...


You could see a yak and a leopard gecko zombie.

Vanquished Creatures
  5 yaks (D:6)
  A phantom (D:4)
  An ice beast (D:5)
  A big kobold (Sewer)
  A scorpion (D:4)
  A crimson imp (D:4)
  A hound (D:4)
  2 orc priests (D:6)
  2 iguanas (D:4)
  3 orc wizards
  A worker ant (D:4)
  3 river rats (Sewer)
  6 adders
  2 adder zombies (D:5)
  An adder skeleton (D:6)
  5 worms
  A dart slug (D:2)
  4 leopard geckos
  12 orcs
  A ball python (D:3)
  3 bats
  2 giant cockroaches (D:3)
  3 goblins
  3 hobgoblins
  10 jackals
  4 quokkas
  5 frilled lizards
  9 kobolds
  A leopard gecko skeleton (D:4)
  9 rats
103 creatures vanquished.

Notes
Turn   | Place    | Note
-------+----------+-------------------------------------------
     0 | D:1      | Minkie the Draconian Skald began the quest for the Orb.
     0 | D:1      | Reached XP level 1. HP: 17/17 MP: 3/3
   572 | D:1      | Reached XP level 2. HP: 25/25 MP: 5/5
  1119 | D:2      | Reached XP level 3. HP: 30/30 MP: 6/6
  1123 | D:2      | Learned a level 2 spell: Shroud of Golubria
  1127 | D:2      | Learned a level 3 spell: Regeneration
  1484 | D:3      | Reached XP level 4. HP: 37/37 MP: 7/7
  1562 | D:3      | Found an opulent altar of Gozag.
  1653 | D:3      | Found a glowing drain.
  1658 | Sewer    | Entered a sewer
  1668 | Sewer    | Reached skill level 3 in Fighting
  1668 | Sewer    | Reached skill level 1 in Necromancy
  1738 | Sewer    | Noticed a big kobold
  1760 | Sewer    | Killed a big kobold
  1760 | Sewer    | Reached skill level 1 in Translocations
  1760 | Sewer    | Reached XP level 5. HP: 19/45 MP: 7/9
  1877 | Sewer    | Found a white marble altar of Elyvilon.
  2921 | D:4      | Found a burning altar of Makhleb.
  3027 | D:4      | Reached XP level 6. HP: 28/51 MP: 10/10
  3172 | D:5      | Entered Level 5 of the Dungeon
  3195 | D:4      | You fall into a shaft and drop 1 floor!
  3611 | D:4      | Reached skill level 4 in Fighting
  3869 | D:4      | Your scales start taking on a fiery red colour.
  3869 | D:4      | Reached XP level 7. HP: 50/59 MP: 12/12
  3869 | D:4      | Gained mutation: Your flesh is heat resistant. (rF+) [Red
                  | Draconian growth]
  4128 | D:5      | Found an iron altar of Okawaru.
  4129 | D:5      | Found a white marble altar of Elyvilon.
  4129 | D:5      | Found an ancient bone altar of Kikubaaqudgha.
  4131 | D:5      | Found an opulent altar of Gozag.
  4131 | D:5      | Found a radiant altar of Vehumet.
  4133 | D:5      | Found a shimmering blue altar of Sif Muna.
  4133 | D:5      | Found a hazy altar of Hepliaklqana.
  4134 | D:5      | Found a shadowy altar of Dithmenos.
  4136 | D:5      | Became a worshipper of Warmaster Okawaru
  4730 | D:6      | Noticed a yak
  4730 | D:6      | Noticed a yak
  4732 | D:6      | Noticed a yak
  4734 | D:6      | Noticed a yak
  4736 | D:6      | Noticed a yak
  4738 | D:6      | Killed a yak
  4738 | D:6      | Reached * piety under Okawaru
  4738 | D:6      | Noticed a yak
  4747 | D:6      | Killed a yak
  4747 | D:6      | Reached XP level 8. HP: 35/67 MP: 4/14
  4756 | D:6      | Reached skill level 5 in Fighting
  4772 | D:6      | Reached ** piety under Okawaru
  4773 | D:6      | Slain by a yak

Levels and vault maps discovered:
D:1:      lightli_molten_gateway, layout_loops_ring
D:2:      layout_loops_cross
D:3:      layout_loops_ring, first_ration, portal_sewer_entry_e,
          nicolae_gozag_cash_rules_everything_around_me
D:4:      layout_loops_ring, bloody_makhleb
D:5:      layout_rooms, grunt_temple_overflow_open,
          chequers_hall_statues_wall_a, hangedman_decor_growths
D:6:      layout_basic

Skill      XL: |  1  2  3  4  5  6  7  8 |
---------------+-------------------------+-----
Charms         | 3 4 |  4.3
Fighting       | 3 4 5 |  5.4
Necromancy     | 1 2 3 |  3.9
Translocations | 1 2 3 |  3.7
Maces & Flails | 3 4 |  4.7
Dodging        | 3 |  3.0
Spellcasting   | 3 4 |  4.4

Action                   |  1- 3 |  4- 6 |  7- 9 || total
-------------------------+-------+-------+-------++-------
Melee: Mace              |    29 |       |       ||    29
       Tailslap          |     8 |    15 |    10 ||    33
       Whip              |    67 |   169 |   104 ||   340
 Cast: Regeneration      |     1 |     2 |     3 ||     6
       Shroud of Golubri |     1 |       |     1 ||     2
       Infusion          |       |     2 |       ||     2
  Use: Potion            |       |       |     1 ||     1
 Stab: Sleeping          |       |     2 |       ||     2
  Eat: Chunk             |     2 |     8 |     3 ||    13
Armor: Skin              |    43 |    70 |    42 ||   155
Dodge: Dodged            |    67 |    97 |    55 ||   219
